 Dungeon Crawl Stone Soup version 0.31.0-1-g2c135a008e (webtiles) character file.

Game seed: 17545219152989271632

296 qw the Shooter (level 6, -5/47 HPs)
             Began as a Djinni Hunter on Jan 24, 2024.
             Slain by a gnoll
             ... wielding a +0 halberd
             ... led by a gnoll bouda
              (11 damage)
             ... on level 4 of the Dungeon.
             The game lasted 00:00:10 (2572 turns).

qw the Shooter (Djinni Hunter)                      Turns: 2572, Time: 00:00:10

Health: -5/47      AC:  6    Str: 14    XL:     6   Next: 62%
Gold:   243        EV: 12    Int:  5    God:
                   SH:  0    Dex: 18

rFire   + + .        a - +2 shortbow
rCold   x . .        (shield currently unavailable)
rNeg    . . .        b - +0 ring mail
rPois   inf          (no helmet)
rElec   .            f - +0 cloak
rCorr   .            (no gloves)
SInv    .            (boots unavailable)
Will    .....        (no amulet)
Stlth   +            (no ring)
HPRegen 0.27/turn    (no ring)
MPRegen 0.00/turn

%: infuse magic (-6 HP)
@: flying
A: sickness immunity, fire resistance 2, cold vulnerability 1, float, innate
caster, HP casting, extra vitality 1, dopey 2, sense surroundings 1, strong 1
a: no special abilities


You were on level 4 of the Dungeon.
You visited 1 branch of the dungeon, and saw 4 of its levels.
You also visited: Sewer.

You collected 243 gold pieces.


Innate Abilities, Weirdness & Mutations

You are immune to sickness and miasma.
You are immune to poison.
Your flesh is very heat resistant. (rF++)
You are vulnerable to cold. (rC-)
You float through the air rather than walking.
You learn spells naturally, not from books.
Your magical power is your life essence.
You have superior vitality. (+4 MHP)
You are very dopey. (Int -4)
You passively map a small area around you.
Your muscles are strong. (Str +4, Int/Dex -1)


   Skills:
 + Level 3.8 Fighting
 - Level 5.0 Ranged Weapons
 - Level 1.0 Armour
 - Level 3.3 Dodging
 - Level 0.7 Stealth


You knew the following spells:

 Your Spells              Type           Power      Damage    Failure   Level
a - Kiss of Death         Conj/Necr      0%         2d5       73%         1
b - Blink                 Tloc           0%         N/A       86%         2
Your spell library was empty.

Inventory:

Hand Weapons
 a - a +2 shortbow (weapon)
Armour
 b - a +0 ring mail (worn)
 f - a +0 cloak (worn)
Wands
 c - a wand of paralysis (2)
Potions
 e - 3 potions of curing
 g - a potion of resistance {unknown}
 h - 2 potions of enlightenment

Dungeon Overview and Level Annotations

Branches:
Dungeon (4/15)              Sewer (visited)
 Temple: D:4-7

Altars:

Shops:
D:1 :


Message History

The arrow hits the gnoll bouda but does no damage.
The gnoll bouda is severely wounded.
The gnoll is no longer moving quickly.
The gnoll bouda misses you. The gnoll hits you but does no damage.
The gnoll closely misses you. The gnoll hits you with a +0 whip.
The gnoll bouda barks out a call to the hunt!
The gnoll picks up the pace!
You shoot an arrow.
The arrow barely misses the gnoll bouda.
The gnoll hits you with a +0 club. The gnoll closely misses you. x2
The gnoll bouda closely misses you.
You shoot an arrow.
The arrow barely misses the gnoll bouda.
The gnoll closely misses you. The gnoll barely misses you.
The gnoll hits you but does no damage.
The gnoll bouda hits you with a +0 club!
The gnoll closely misses you. The gnoll hits you but does no damage.
The gnoll barely misses you.
You shoot an arrow.
The arrow hits the gnoll bouda but does no damage.
The gnoll bouda is severely wounded.
Your attacks no longer feel as feeble.
The gnoll bouda hits you but does no damage.
The gnoll misses you. The gnoll hits you but does no damage.
The gnoll closely misses you.
The gnoll bouda hits you with a +0 club!
You shoot an arrow.
The arrow hits the gnoll bouda but does no damage.
The gnoll bouda is severely wounded.
The gnoll is no longer moving quickly.
The gnoll barely misses you. The gnoll hits you with a +0 club.
The gnoll closely misses you.
The gnoll bouda hits you with a +0 club.
You shoot an arrow. The arrow hits the gnoll bouda.
The gnoll bouda is severely wounded.
The gnoll hits you with a +0 club. The gnoll barely misses you.
The gnoll hits you with a +0 whip. The gnoll bouda barely misses you.
You shoot an arrow.
The arrow barely misses the gnoll bouda.
The gnoll hits you from afar with a +0 halberd!
You die...

#.#### #.# * #.# ##
##### #.#### , , ..>,
#...##########.....
....##...##..........###
*
.....................+..
.........##..........###
#.##.g@g#############*
#.%g.# ** *#.)g.# , ,
#..### , , , , , ..., ,
, * * *###) , , #. * * ,
, .. * , *


You could see a gnoll bouda and 3 gnolls.

Vanquished Creatures
  A brain worm (Sewer)
  A bombardier beetle (D:3)
  An iguana (D:4)
  3 adders
  2 gnolls (D:4)
  2 river rats
  4 dart slugs
  4 ribbon worms
  14 ball pythons
  15 bats
  5 endoplasms
  3 giant cockroaches
  8 goblins
  5 hobgoblins
  5 jackals
  3 quokkas
  4 frilled lizards
  2 kobolds
  8 rats
90 creatures vanquished.

Notes
Turn   | Place    | Note
-------+----------+-------------------------------------------
     0 | D:1      | qw the Djinni Hunter began the quest for the Orb.
     0 | D:1      | Reached XP level 1. HP: 18/18 MP: 0/0
     0 | D:1      | 0 ||| qw: Version: 0.3-a-136-gdd3b4e8
     0 | D:1      | 0 ||| qw: Game counter: 1398
     0 | D:1      | 0 ||| qw: Melee chars always use a shield: true
     0 | D:1      | 0 ||| qw: God list: Okawaru
     0 | D:1      | 0 ||| qw: Allow faded altars: false
     0 | D:1      | 0 ||| qw: Do Orc after clearing Dungeon:15 true
     0 | D:1      | 0 ||| qw: Do second Lair branch before Depths: true
     0 | D:1      | 0 ||| qw: Lair rune preference: random
     0 | D:1      | 0 ||| qw: Goals: Normal
     0 | D:1      | 0 ||| PLANNING D:1-11
    63 | D:1      | Reached XP level 2. HP: 23/23 MP: 0/0
   164 | D:1      | Reached XP level 3. HP: 28/28 MP: 0/0
   164 | D:1      | Learned a level 1 spell: Kiss of Death
   165 | D:1      | Reached skill level 4 in Ranged Weapons
   323 | D:1      | Found Bameren's Book Emporium.
   514 | D:1      | 514 ||| READING scroll labelled LEK GEEM LYRGHI.
   518 | D:1      | 518 ||| READING scroll labelled AWOVAOSTAJIO.
   519 | D:1      | 519 ||| READING 2 scrolls labelled EHIMYKKIJIEW.
   519 | D:1      | 519 ||| IDENTIFYING green potion
   520 | D:1      | 520 ||| READING scroll of identify.
   520 | D:1      | 520 ||| IDENTIFYING 2 coppery potions
   521 | D:1      | 521 ||| READING scroll labelled CEPONI VESY.
   521 | D:1      | 521 ||| ENCHANTING +0 shortbow.
   522 | D:1      | 522 ||| READING scroll labelled BYDGHO HUGA NUL.
   523 | D:1      | 523 ||| READING scroll labelled ISEASUKURI.
   523 | D:1      | 523 ||| ENCHANTING +0 shortbow.
   524 | D:1      | 524 ||| DROPPING scroll of butterflies.
   564 | D:2      | 564 ||| FLEEEEING.
   936 | D:2      | 936 ||| RETREEEEATING.
   938 | D:2      | Reached XP level 4. HP: 34/34 MP: 0/0
   942 | D:2      | Reached skill level 3 in Fighting
  1131 | D:2      | 1131 ||| READING scroll labelled DOUMAV FIUMUA.
  1173 | D:3      | Reached skill level 3 in Dodging
  1173 | D:3      | Reached XP level 5. HP: 39/40 MP: 0/0
  1173 | D:3      | Learned a level 2 spell: Blink
  1267 | D:3      | 1267 ||| READING scroll of enchant weapon.
  1267 | D:3      | 1267 ||| ENCHANTING +1 shortbow.
  1753 | D:3      | 1753 ||| UPGRADING to +0 ring mail.
  1763 | D:3      | 1763 ||| DROPPING +0 leather armour.
  1764 | D:3      | 1764 ||| READING scroll labelled MUCOGH YSATS.
  1765 | D:3      | 1765 ||| DRINKING 2 brown potions.
  1766 | D:3      | 1766 ||| DROPPING potion of brilliance.
  1800 | D:4      | 1800 ||| PLANNING SEWER
  1871 | D:4      | Found a glowing drain.
  1883 | Sewer    | Entered a sewer
  1898 | Sewer    | Reached skill level 1 in Armour
  2100 | Sewer    | Noticed a brain worm
  2102 | Sewer    | 2102 ||| ZAPPING wand of paralysis (4) at 4,7 (brain worm;
                  | floor).
  2103 | Sewer    | 2103 ||| ZAPPING wand of paralysis (3) at 3,6 (brain worm;
                  | floor).
  2112 | Sewer    | Killed a brain worm
  2113 | Sewer    | Reached skill level 5 in Ranged Weapons
  2113 | Sewer    | Reached XP level 6. HP: 46/46 MP: 0/0
  2308 | Sewer    | 2308 ||| DRINKING potion of mutation.
  2308 | Sewer    | Gained mutation: You are partially covered in iridescent
                  | scales. (AC +2) [potion of mutation]
  2308 | Sewer    | Gained mutation: Your muscles are strong. (Str +4, Int/Dex
                  | -1) [potion of mutation]
  2308 | Sewer    | Gained mutation: Your natural rate of healing is unusually
                  | fast. [potion of mutation]
  2308 | Sewer    | Gained mutation: You have a pair of small horns on your
                  | head. [potion of mutation]
  2311 | Sewer    | 2311 ||| DRINKING potion of mutation.
  2311 | Sewer    | Lost mutation: You have a pair of small horns on your head.
                  | [potion of mutation]
  2311 | Sewer    | Lost mutation: Your natural rate of healing is unusually
                  | fast. [potion of mutation]
  2311 | Sewer    | Lost mutation: You are partially covered in iridescent
                  | scales. (AC +2) [potion of mutation]
  2311 | Sewer    | Gained mutation: You passively map a small area around you.
                  | [potion of mutation]
  2311 | Sewer    | Gained mutation: You are dopey. (Int -2) [potion of
                  | mutation]
  2311 | Sewer    | Gained mutation: You are very dopey. (Int -4) [potion of
                  | mutation]
  2382 | Sewer    | 2382 ||| UPGRADING to +0 cloak.
  2387 | Sewer    | 2387 ||| READING scroll labelled NOT XAGAUSKIPT.
  2388 | Sewer    | 2388 ||| READING scroll labelled MUROG XIUNOHO.
  2389 | Sewer    | 2389 ||| DROPPING potion of degeneration.
  2418 | D:4      | 2418 ||| PLANNING D:1-11
  2558 | D:4      | HP: 11/47 [gnoll/+0 club[a gnoll bouda] (2)]
  2559 | D:4      | 2559 ||| DRINKING 3 potions of heal wounds.
  2560 | D:4      | HP: 4/47 [gnoll bouda/+0 club (8)]
  2561 | D:4      | 2561 ||| DRINKING 2 potions of heal wounds.
  2564 | D:4      | 2564 ||| DRINKING potion of heal wounds.
  2570 | D:4      | HP: 11/47 [gnoll bouda/+0 club (1)]
  2572 | D:4      | Slain by a gnoll

Levels and vault maps discovered:
D:1:      minmay_arrival_semitransparent, layout_rooms, serial_shops,
          shop_statue, minmay_split_cup_large
D:2:      layout_loops_ring, minmay_shallow_snake_nest
D:3:      layout_basic
D:4:      layout_basic, portal_sewer_entry_a

Skill      XL: |  1  2  3  4  5 |
---------------+----------------+-----
Ranged Weapons | 4 5 |  5.0
Fighting       | 3 |  3.8
Dodging        | 3 |  3.3
Armour         | 1 |  1.0
Stealth        | |  0.7

Action                     |  1- 3 |  4- 6 || total
---------------------------+-------+-------++-------
   Fire: Shortbow          |    94 |   157 ||   251
  Evoke: Wand              |       |     2 ||     2
    Use: Scroll            |     7 |     5 ||    12
         Potion            |       |     6 ||     6
 Armour: Leather armour    |    15 |     5 ||    20
         Ring mail         |       |    56 ||    56
  Dodge: Dodged            |    31 |    79 ||   110

Table legend:
 A = Non-vault XP
 B = Vault XP
 C = Vault XP percentage of total XP
 D = Non-vault monster count
 E = Vault monster count
 F = Vault count percentage of total count
                 A         B        C        D         E       F
            +---------+---------+-------+---------+---------+-------
      Total |     235 |     189 |  44.6 |      58 |      32 |  35.6
            +---------+---------+-------+---------+---------+-------
        D:1 |      41 |       7 |  14.6 |      23 |       4 |  14.8
        D:2 |      20 |      19 |  48.7 |      11 |       5 |  31.2
        D:3 |     108 |       0 |   0.0 |      20 |       0 |   0.0
        D:4 |      66 |      14 |  17.5 |       4 |       2 |  33.3
      Sewer |       0 |     149 | 100.0 |       0 |      21 | 100.0
            +---------+---------+-------+---------+---------+-------
